 Dungeon Crawl Stone Soup version 0.29-a0-350-g7790a0e70a (webtiles) character file.

Game seed: 9337412861641078759

451 spaghetti the Bolt Thrower (level 7, -2/50 HPs)
             Began as a Gnoll Wanderer on Apr 22, 2022.
             Was a Follower of Sif Muna.
             Slain by an ogre
             ... wielding a +0 giant spiked club
              (25 damage)
             ... on level 5 of the Dungeon.
             The game lasted 00:08:21 (4414 turns).

spaghetti the Bolt Thrower (Gnoll Wanderer)         Turns: 4414, Time: 00:08:21

Health: -2/50      AC:  7    Str: 12    XL:     7   Next: 4%
Magic:  12/15      EV: 11    Int: 10    God:    Sif Muna [*.....]
Gold:   161        SH:  5    Dex: 14    Spells: 5/17 levels left

rFire   . . .      SeeInvis .   a - +0 hand crossbow {crossbow}
rCold   . . .      Faith    .   b - +0 buckler
rNeg    . . .      Spirit   .   d - +0 leather armour
rPois   .          Reflect  .   (no helmet)
rElec   .          Harm     .   (no cloak)
rCorr   .          Rampage  .   C - +2 pair of gloves
Will    .....                   F - +0 pair of boots
Stlth   ++........              (no amulet)
HPRegen 0.16/turn               (no ring)
MPRegen 0.14/turn               (no ring)

@: no status effects
A: fangs 1, strong nose, distributed training
a: Renounce Religion, Channel Magic


You were on level 5 of the Dungeon.
You worshipped Sif Muna.
Sif Muna was aware of your devotion.
You visited 1 branch of the dungeon, and saw 5 of its levels.

You collected 161 gold pieces.


Innate Abilities, Weirdness & Mutations

You have very sharp teeth.
Your uncanny sense of smell can sniff out nearby items.
Your experience applies equally to all skills.


   Skills:
 + Level 2.2 Fighting
 + Level 2.2 Short Blades
 + Level 2.2 Long Blades
 + Level 2.2 Axes
 + Level 2.2 Maces & Flails
 + Level 2.2 Polearms
 + Level 2.2 Staves
 + Level 2.2 Slings
 + Level 2.2 Bows
 + Level 6.9 Crossbows
 + Level 2.2 Throwing
 + Level 2.2 Armour
 + Level 2.2 Dodging
 + Level 2.2 Stealth
 + Level 5.1 Shields
 + Level 2.2 Unarmed Combat
 + Level 5.5 Spellcasting
 + Level 1.8 Conjurations
 + Level 1.8 Hexes
 + Level 5.7 Summonings
 + Level 1.8 Necromancy
 + Level 1.8 Translocations
 + Level 1.8 Transmutations
 + Level 1.8 Fire Magic
 + Level 1.8 Ice Magic
 + Level 1.8 Air Magic
 + Level 1.8 Earth Magic
 + Level 1.8 Poison Magic
 + Level 2.4 Invocations
 + Level 2.2 Evocations


You had 5 spell levels left.
You knew the following spells:

 Your Spells              Type           Power      Damage    Failure   Level
a - Summon Small Mammal   Summ           56%        N/A       3%          1
b - Call Imp              Summ           14%        N/A       5%          2
c - Summon Ice Beast      Ice/Summ       10%        N/A       61%         4
d - Silence               Hex/Air        3%         N/A       99%         5

Your spell library contained the following spells:

 Spells                   Type           Power      Damage    Failure   Level
 Dazzling Flash           Conj/Hex       12%        N/A       45%         3
 Agony                    Necr           6%         N/A       99%         5

Inventory:

Hand Weapons
 a - a +0 hand crossbow (weapon) {crossbow}
 o - a +0 club {mace}
   (You took it off a kobold on level 3 of the Dungeon)
 p - a +0 dagger {short}
   (You took it off Jessica on level 3 of the Dungeon)
 r - a +0 whip {mace}
   (You found it on level 3 of the Dungeon)
 s - a +0 hand axe {axe}
   (You found it on level 3 of the Dungeon)
 u - a +0 dagger of draining {short}
   (You found it on level 3 of the Dungeon)
 x - a +0 hunting sling of flaming {sling}
   (You took it off a goblin on level 3 of the Dungeon)
 y - a +0 rapier of flaming {short}
   (You found it on level 4 of the Dungeon)
Missiles
 e - 74 stones {throwing}
 i - 8 poisoned darts {throwing}
 m - 3 boomerangs {throwing}
Armour
 b - a +0 buckler (worn)
 d - a +0 leather armour (worn)
 C - a +2 pair of gloves (worn)
   (You found it on level 4 of the Dungeon)
 F - a +0 pair of boots (worn)
   (You found it on level 5 of the Dungeon)
Wands
 k - a wand of flame (25)
   (You found it on level 2 of the Dungeon)
 t - a wand of charming (5)
   (You found it on level 3 of the Dungeon)
Scrolls
 c - a scroll of teleportation {@r4}
 f - a scroll of holy word {unknown}
 h - a scroll of summoning
 q - a scroll of enchant armour
 D - a scroll of identify {@r1}
Potions
 g - a potion of magic
 j - a potion of haste {@q3}
 l - a potion of flight
 n - 2 potions of attraction {!q}
 w - a potion of lignification {!q}
 z - a potion of mutation {unknown}
 A - a potion of brilliance {unknown}
 B - a potion of ambrosia {unknown}
 E - a potion of degeneration {unknown}

Dungeon Overview and Level Annotations

Branches:
Dungeon (5/15)
 Temple: D:4-7

Altars:
Sif Muna
Uskayaw
Wu Jian

##'######....#..
#...........#.......
#...........#.......
+...........#.......
#...........#......
#...........#....###
#.....##....#....'..
#.....##....#O...#
#.....#....b@....#
#.....+.....#5...#
#.... #.....#....#
#.....#....'..
#######....### #####


You could see an ogre (ally target), a friendly crimson imp (summoned) and a
friendly bat (summoned).


Message History

Your +0 leather armour unmelds from your body. 😎 HP[-1]
You now have 50 max hp (-25).
Unknown command.
Unknown command.
Things that are here:
a +0 dagger {short}; a +0 robe
Things that are here:
a +0 dagger {short}; a +0 robe; an orc corpse
Things that are here:
a +0 falchion {long}; a +0 chain mail; an orc corpse You open the door.
There is an open door here.
Found a stone staircase leading up.
You open the door.
There is an open door here.
Key pressed, stopping explore.
You open the door.
Found a stone staircase leading down.
There is an open door here.
You now have 161 gold pieces (gained 17).
E - a sedimented grey potion You open the door.
There is an open door here.
There is an open door here.
You open the door.
There is an open door here.
You open the door.
There is an open door here.
A jackal comes into view.
A jackal is nearby!
A jackal is nearby!
You shoot a bolt. The bolt hits the jackal!
You kill the jackal!
Sif Muna accepts your kill.
No target in view!
No target in view!
No target in view!
No target in view!
No target in view!
No target in view!
No target in view!
No target in view!
No target in view!
No target in view!
No target in view!
No target in view!
No target in view!
Okay, then.
You see here a +0 pair of boots.
F - a +0 pair of boots You start putting on your armour.
You continue putting on your +0 pair of boots. x4
You finish putting on your +0 pair of boots.
You open the door.
There is an open door here.
Key pressed, stopping explore.
An ogre comes into view. It is wielding a +0 giant spiked club.
There is an open door here.
An ogre is nearby!
You shoot a bolt. The bolt hits the ogre.
The ogre shouts!
You shoot a bolt.
The bolt hits the ogre but does no damage.
You shoot a bolt. The bolt hits the ogre!
The ogre hits you with a +0 giant spiked club!! 😮 HP[-18]
You take 18 damage, and now have 32/50 hp.
MASSIVE DAMAGE!! (PAUSE)
Casting: Summon Ice Beast (extremely dangerous; 61% risk of failure)
Confirm with . or Enter, or press ? or * to list all spells.
A beastly little devil appears in a puff of flame. 😮 MP[-2]
You lost 2 mp, and now have 13/15 mp.
Casting: Call Imp (safe; 5% risk of failure)
Confirm with . or Enter, or press ? or * to list all spells.
The spell is potentially lethal to miscast (99% risk of failure)!
Continue anyway?
Okay, then.
Casting: Silence (potentially lethal; 99% risk of failure)
Confirm with . or Enter, or press ? or * to list all spells.
The spell is extremely dangerous to miscast (61% risk of failure)!
Continue anyway?
Okay, then.
Casting: Summon Ice Beast (extremely dangerous; 61% risk of failure)
Confirm with . or Enter, or press ? or * to list all spells.
The spell is extremely dangerous to miscast (61% risk of failure)!
Continue anyway?
Okay, then.
Casting: Summon Ice Beast (extremely dangerous; 61% risk of failure)
Confirm with . or Enter, or press ? or * to list all spells.
The ogre hits you with a +0 giant spiked club!!
Ouch! That really hurt!
* * * LOW HITPOINT WARNING * * *
😱 HP[-30] MP[-1]
You take 30 damage, and now have 2/50 hp.
MASSIVE DAMAGE!! (PAUSE)
You lost 1 mp, and now have 12/15 mp.
Okay, then.
You feel much better.
The ogre hits you with a +0 giant spiked club!!
Ouch! That really hurt!
You die...

Skill      XL: |  1  2  3  4  5  6 |
---------------+-------------------+-----
Spellcasting   | 5 |  5.5
Invocations    | 1 2 |  2.4
Fighting       | 1 2 |  2.2
Short Blades   | 1 2 |  2.2
Long Blades    | 1 2 |  2.2
Axes           | 1 2 |  2.2
Maces & Flails | 1 2 |  2.2
Polearms       | 1 2 |  2.2
Staves         | 1 2 |  2.2
Slings         | 1 2 |  2.2
Bows           | 1 2 |  2.2
Throwing       | 1 2 |  2.2
Armour         | 1 2 |  2.2
Dodging        | 1 2 |  2.2
Stealth        | 1 2 |  2.2
Unarmed Combat | 1 2 |  2.2
Evocations     | 1 2 |  2.2
Conjurations   | 1 |  1.8
Hexes          | 1 |  1.8
Necromancy     | 1 |  1.8
Translocations | 1 |  1.8
Transmutations | 1 |  1.8
Fire Magic     | 1 |  1.8
Ice Magic      | 1 |  1.8
Air Magic      | 1 |  1.8
Earth Magic    | 1 |  1.8
Poison Magic   | 1 |  1.8
Shields        | 5 |  5.1
Crossbows      | |  6.9
Summonings     | |  5.7

Action                   |  1- 3 |  4- 6 |  7- 9 || total
-------------------------+-------+-------+-------++-------
Melee: Unarmed           |       |    25 |       ||    25
       Bite              |       |     5 |       ||     5
 Fire: Hand crossbow     |    71 |   175 |     4 ||   250
 Cast: Summon Small Mamm |     7 |    10 |     1 ||    18
       Call Imp          |     1 |     7 |     1 ||     9
       Summon Ice Beast  |       |     2 |       ||     2
  Use: Scroll            |       |     6 |       ||     6
       Potion            |       |     2 |     1 ||     3
Armor: Leather armour    |    10 |    19 |       ||    29
       Skin              |       |    62 |       ||    62
Dodge: Dodged            |    14 |    55 |       ||    69
Block: Buckler           |     5 |    25 |       ||    30

Levels and vault maps discovered:
D:1:      dpeg_arrival_arbitrary_b, layout_basic
D:2:      layout_basic
D:3:      layout_rooms, tgw_sif, hellmonk_ecumenical_altar_slurped_away
D:4:      layout_basic, mainiacjoe_overflow_catch_the_wave,
          minmay_misc_feat_four_crosses
D:5:      layout_gridville, nicolae_vehumet_altar_sigil, minivault_26,
          hangedman_decor_diamond_cutter

Notes
Turn   | Place    | Note
-------+----------+-------------------------------------------
     0 | D:1      | spaghetti the Gnoll Wanderer began the quest for the Orb.
     0 | D:1      | spaghetti set off with the following items: a +0 hand
                  | crossbow {crossbow}, a +0 buckler, a scroll of
                  | teleportation {@r4}, a +0 leather armour; and the following
                  | spell memorised: Summon Small Mammal; and the following
                  | spells available to memorise: Call Imp, Summon Ice Beast
     0 | D:1      | Reached XP level 1. HP: 13/13 MP: 6/6
     0 | D:1      | magus.rc [v1.9.6]
    92 | D:1      | Reached XP level 2. HP: 19/19 MP: 7/7
   736 | D:1      | Reached skill level 5 in Spellcasting
   736 | D:1      | Reached XP level 3. HP: 25/25 MP: 7/9
   947 | D:1      | Learned a level 2 spell: Call Imp
  1273 | D:2      | Reached skill level 1 in Invocations
  1476 | D:2      | Reached skill level 1 in Fighting
  1476 | D:2      | Reached skill level 1 in Short Blades
  1476 | D:2      | Reached skill level 1 in Long Blades
  1476 | D:2      | Reached skill level 1 in Axes
  1476 | D:2      | Reached skill level 1 in Maces & Flails
  1476 | D:2      | Reached skill level 1 in Polearms
  1476 | D:2      | Reached skill level 1 in Staves
  1476 | D:2      | Reached skill level 1 in Slings
  1476 | D:2      | Reached skill level 1 in Bows
  1476 | D:2      | Reached skill level 1 in Throwing
  1476 | D:2      | Reached skill level 1 in Armour
  1476 | D:2      | Reached skill level 1 in Dodging
  1476 | D:2      | Reached skill level 1 in Stealth
  1476 | D:2      | Reached skill level 1 in Unarmed Combat
  1476 | D:2      | Reached skill level 1 in Evocations
  1572 | D:2      | Reached XP level 4. HP: 19/32 MP: 9/11
  2206 | D:3      | Reached skill level 1 in Conjurations
  2206 | D:3      | Reached skill level 1 in Hexes
  2206 | D:3      | Reached skill level 1 in Necromancy
  2206 | D:3      | Reached skill level 1 in Translocations
  2206 | D:3      | Reached skill level 1 in Transmutations
  2206 | D:3      | Reached skill level 1 in Fire Magic
  2206 | D:3      | Reached skill level 1 in Ice Magic
  2206 | D:3      | Reached skill level 1 in Air Magic
  2206 | D:3      | Reached skill level 1 in Earth Magic
  2206 | D:3      | Reached skill level 1 in Poison Magic
  2270 | D:3      | Noticed Jessica
  2275 | D:3      | Killed Jessica
  2276 | D:3      | Reached XP level 5. HP: 37/37 MP: 7/12
  2317 | D:3      | Found a shimmering blue altar of Sif Muna.
  2429 | D:3      | Became a worshipper of Sif Muna the Loreminder
  2643 | D:3      | Found a faded altar of an unknown god.
  2843 | D:3      | You pick up a book of the Senses and begin reading...
  2843 | D:3      | You add the spells Dazzling Flash, Agony and Silence to
                  | your library.
  2902 | D:3      | Learned a level 4 spell: Summon Ice Beast
  2908 | D:3      | Learned a level 5 spell: Silence
  3046 | D:4      | Reached skill level 2 in Invocations
  3046 | D:4      | Reached XP level 6. HP: 42/44 MP: 13/13
  3266 | D:4      | Found an ornate altar of the Wu Jian Council.
  3327 | D:4      | Found a hide-covered altar of Uskayaw.
  3619 | D:4      | Reached * piety under Sif Muna
  3739 | D:5      | Entered Level 5 of the Dungeon
  3754 | D:5      | Reached skill level 2 in Fighting
  3754 | D:5      | Reached skill level 2 in Short Blades
  3754 | D:5      | Reached skill level 2 in Long Blades
  3754 | D:5      | Reached skill level 2 in Axes
  3754 | D:5      | Reached skill level 2 in Maces & Flails
  3754 | D:5      | Reached skill level 2 in Polearms
  3754 | D:5      | Reached skill level 2 in Staves
  3754 | D:5      | Reached skill level 2 in Slings
  3754 | D:5      | Reached skill level 2 in Bows
  3754 | D:5      | Reached skill level 2 in Throwing
  3754 | D:5      | Reached skill level 2 in Armour
  3754 | D:5      | Reached skill level 2 in Dodging
  3754 | D:5      | Reached skill level 2 in Stealth
  3754 | D:5      | Reached skill level 5 in Shields
  3754 | D:5      | Reached skill level 2 in Unarmed Combat
  3754 | D:5      | Reached skill level 2 in Evocations
  3879 | D:5      | HP: 11/44 [hound (1)]
  4218 | D:5      | Reached XP level 7. HP: 50/50 MP: 15/15
  4413 | D:5      | HP: 2/50 [ogre/+0 giant spiked club (31)]
  4414 | D:5      | Slain by an ogre

Vanquished Creatures
  A scorpion (D:4)
  A jelly (D:4)
  3 orc wizards
  A gnoll (D:1)
  2 adders
  A worm (D:3)
  A dart slug (D:4)
  2 orcs
  3 ball pythons
  7 endoplasms
  17 goblins
  14 hobgoblins
  3 jackals
  7 kobolds
  2 bats (D:1)
  5 frilled lizards
  7 rats
77 creatures vanquished.

Vanquished Creatures (collateral kills)
  A bullfrog (D:5)
  2 hounds
  Jessica (D:3)
  2 adders
  4 jackals
  A kobold (D:3)
  A bat (D:3)
12 creatures vanquished.

Grand Total: 89 creatures vanquished

Table legend:
 A = Non-vault XP
 B = Vault XP
 C = Vault XP percentage of total XP
 D = Non-vault monster count
 E = Vault monster count
 F = Vault count percentage of total count
                 A         B        C        D         E       F
            +---------+---------+-------+---------+---------+-------
      Total |     606 |      39 |   6.0 |      87 |       2 |   2.2
            +---------+---------+-------+---------+---------+-------
        D:1 |      48 |       0 |   0.0 |      22 |       0 |   0.0
        D:2 |      49 |       0 |   0.0 |      16 |       0 |   0.0
        D:3 |     111 |      39 |  26.0 |      27 |       2 |   6.9
        D:4 |     179 |       0 |   0.0 |      13 |       0 |   0.0
        D:5 |     219 |       0 |   0.0 |       9 |       0 |   0.0
            +---------+---------+-------+---------+---------+-------

Illustrated notes

Table legend:
 A = Kills in this place as a percentage of kills in entire the game.
 B = Kills by you in this place as a percentage of kills by you in the entire game.
 C = Kills by friends in this place as a percentage of kills by friends in the entire game.
 D = Other kills in this place as a percentage of other kills in the entire game.
 E = Experience gained in this place as a percentage of experience gained in the entire game.
 F = Experience gained in this place divided by the number of levels of this place that you have seen.
                   A       B       C       D       E      F
               +-------+-------+-------+-------+-------+----------------------
         Total | 100.0 | 100.0 | 100.0 |   N/A | 100.0 | 129.0
       Dungeon | 100.0 | 100.0 | 100.0 |   N/A | 100.0 | 129.0
               +-------+-------+-------+-------+-------+----------------------

Table legend: (Time is in decaauts)
 A = Elapsed time spent in this place.
 B = Non-inter-level travel time spent in this place.
 C = Inter-level travel time spent in this place.
 D = Time resting spent in this place.
 E = Time spent auto-exploring this place.
 F = Levels seen in this place.
 G = Mean time per level.
                   A        B        C        D        E       F      G
               +--------+--------+--------+--------+--------+-----+--------+
         Total |   4472 |   4312 |    160 |    361 |   3290 |   5 |  894.4 |
       Dungeon |   4472 |   4312 |    160 |    361 |   3290 |   5 |  894.4 |
               +--------+--------+--------+--------+--------+-----+--------+

Top non-repeatable levels by time:
     D:1: 1091 daAuts
     D:2: 1046 daAuts
     D:3: 934 daAuts
     D:4: 771 daAuts
     D:5: 627 daAuts
